 Dungeon Crawl Stone Soup version bcrawl-1.37.1 (webtiles) character file.

Game seed: 83237564436500429

232716 Mehrunes the Reanimator (level 8, -5/46 HPs)
             Began as a Skeleton Necromancer on Oct 21, 2022.
             Was an Initiate of Ashenzari.
             Slain by a bullfrog (10 damage)
             ... on level 7 of the Dungeon.
             The game lasted 00:21:43 (6093 turns).

Mehrunes the Reanimator (Skeleton Necromancer)      Turns: 6093, Time: 00:21:44

Health: -5/46      AC: 13    Str: 17 (18) XL:     8   Next: 72%
Magic:  0/18       EV:  7    Int: 13      God:    Ashenzari [......]
Gold:   386        SH:  0    Dex:  8 (9)  Spells: 4/21 levels left

rFire    . . .     GDR:     26% a - +2 dagger (pain) (curse)
rCold    + . .     SeeInvis +   (no shield)
rNeg     + + +     Gourm    .   w - +0 plate armour (curse)
rPois    ∞         Faith    .   (no helmet)
rElec    .         Spirit   +   (no cloak)
rCorr    .         Reflect  .   (no gloves)
MR       +....                  (no boots)
Stlth    ..........             v - amulet of Vision {SInv *Curse} (curse)
HPRegen  0.17/turn              t - ring of poison resistance (curse)
MPRegen  0.16/turn              (no ring)

@: no status effects
A: no food or potions, cold resistance 1, deterioration 1, negative energy
resistance 3, powered by death 1, torment resistance, unbreathing, magic shield,
sturdy frame 1, spell healing
a: Curse Item, Renounce Religion


You were on level 7 of the Dungeon.
You worshipped Ashenzari.
Ashenzari was noncommittal.
You were not hungry.

You visited 2 branches of the dungeon, and saw 8 of its levels.

You collected 386 gold pieces.

Inventory:

Hand Weapons
 a - a cursed +2 dagger of pain (weapon)
 k - a +1 whip of electrocution
 q - a +0 flail
 r - a +0 whip
Missiles
 g - 146 poisoned needles
 j - 136 javelins (quivered)
 m - 12 needles of confusion
Armour
 b - a +0 robe
 d - a +0 ring mail
 l - a +2 chain mail of poison resistance
 w - a cursed +0 plate armour (worn)
Jewellery
 t - a cursed ring of poison resistance (left hand)
 v - the cursed amulet of Vision (around neck) {SInv *Curse}
   (You found it in the Ecumenical Temple)

   [amulet of nothing]

   It lets you see invisible.
   It curses itself when equipped.
   It has a curse placed upon it.
Wands
 u - a wand of digging (8)
Scrolls
 c - 4 scrolls of remove curse
 e - a scroll of fear
 f - a scroll of magic mapping
 h - a scroll of teleportation
 i - 5 scrolls of identify
 n - a scroll of noise
 o - a scroll of immolation
 p - 2 scrolls of amnesia
 s - a scroll of fog


   Skills:
 + Level 3.4 Fighting
 + Level 2.6 Short Blades
 + Level 6.7 Armour
 - Level 2.0 Dodging
 - Level 2.4 Stealth
 - Level 7.1 Spellcasting
 + Level 8.2 Necromancy


You had 4 spell levels left.
You knew the following spells:

 Your Spells              Type           Power        Failure   Level  Hunger
a - Necrotize             Necr           ####..       9%          1    N/A
b - Vampiric Draining     Necr           ####......   26%         3    N/A
c - Agony                 Necr           ####....     63%         4    N/A
d - Dispel Undead         Necr           ####....     93%         5    N/A
e - Animate Dead          Necr           N/A          63%         4    N/A

Your spell library contained the following spells:

 Spells                   Type           Power        Failure   Level  Hunger


Dungeon Overview and Level Annotations

Branches:
Dungeon (7/12)             Temple (1/1) D:5
   Lair: D:7-9

Altars:
Ashenzari
Dithmenos
Gozag
Hepliaklqana
Kikubaaqudgha
Lugonu
Makhleb
Nemelex Xobeh
Okawaru
Qazlal
Ru
Sif Muna
Trog
Vehumet
Wu Jian
Xom
Yredelemnul

Shops:
D:5 %   D:6 :

Annotations:
D:2 Sigmund
D:4 Dowan, Duvessa, Eustachio
D:7 3 runed translucent doors, yrara's ghost, novice DsFi


Innate Abilities, Weirdness & Mutations

You do not eat or drink.
You are immune to poison.
Your flesh is cold resistant. (rC+)
Your body sometimes deteriorates upon taking damage.
You are immune to negative energy. (rN+++)
You regenerate a little health from kills.
You are immune to unholy pain and torment.
You can survive without breathing.
When hurt, damage is shared between your health and your magic reserves.
Your movements are slightly less encumbered by armour. (ER -2)
Casting spells heals you.


Message History

Casting: Vampiric Draining (safe; 26% risk of failure)
Confirm with . or Enter, or press ? or * to list all spells.
You don't have enough magic to cast that spell.
You closely miss the bullfrog.
The bullfrog is moderately wounded.
The bullfrog barely misses you.
The kobold brigand hits the plant but does no damage.
The bullfrog hits you!
* * * LOW HITPOINT WARNING * * *
The kobold brigand hits the plant with a +0 short sword!
Your plate armour prevents you from hitting the bullfrog.
The bullfrog is moderately wounded.
The bullfrog hits you!
* * * LOW HITPOINT WARNING * * *
The kobold brigand hits the plant with a +3 dagger of draining.
You hit the bullfrog.
The bullfrog writhes in agony!
The bullfrog is severely wounded.
The kobold brigand hits the plant with a +0 short sword.
The bullfrog hits you!
You die...

#####......(..#
#P⌠≈##..#######
...KK#..#
..###K+..#
#$...KK+..#
#}.###W+.##
#...KK#.#
##P⌠P##F#
#####@.# ####


You could see a kobold demonologist, 6 kobold brigands, a bullfrog and yrara's
ghost.

Vanquished Creatures
  A yak (D:6)
  2 ice beasts
  An orc warrior (D:5)
  An ogre (D:6)
  A necrophage (D:6)
  A kobold brigand (D:6)
  A bullfrog (D:6)
  A centaur (D:7)
  A scorpion (D:7)
  A howler monkey (D:5)
  An orc priest (D:6)
  A jelly (D:6)
  3 hounds
  A gnoll shaman (D:5)
  A bullfrog skeleton (D:6)
  An iguana (D:5)
  5 worker ants
  A hound skeleton (D:6)
  3 gnolls (D:5)
  6 adders
  2 shadow imps (D:6)
  2 adder skeletons (D:4)
  2 worms (D:2)
  2 dart slugs (D:1)
  6 leopard geckos
  8 orcs
  A ball python (D:3)
  5 giant cockroaches
  7 hobgoblins
  7 jackals
  7 quokkas
  3 bats
  3 frilled lizards
  3 goblins (D:2)
  8 kobolds
  4 rats
104 creatures vanquished.

Vanquished Creatures (collateral kills)
  A sky beast (D:5)
  A necrophage (D:5)
  A quasit (D:3)
  A hound (D:6)
  An adder (D:3)
  A dart slug (D:1)
  A worm (D:3)
  A bat (D:1)
  A frilled lizard (D:1)
9 creatures vanquished.

Vanquished Creatures (others)
  A plant (D:7)
1 creature vanquished.

Grand Total: 114 creatures vanquished

Notes
Turn   | Place    | Note
-------+----------+-------------------------------------------
     0 | D:1      | Mehrunes the Skeleton Necromancer began the quest for the
                  | Orb.
     0 | D:1      | Reached XP level 1. HP: 10/10 MP: 4/4
   149 | D:1      | Reached skill level 1 in Armour
   149 | D:1      | Reached XP level 2. HP: 15/15 MP: 3/6
  1031 | D:2      | Reached XP level 3. HP: 15/19 MP: 5/8
  1100 | D:2      | Learned a level 3 spell: Vampiric Draining
  1448 | D:2      | Noticed Sigmund
  1944 | D:3      | Reached skill level 5 in Necromancy
  1944 | D:3      | Reached XP level 4. HP: 20/24 MP: 3/10
  1958 | D:3      | Found a faded altar of an unknown god.
  2502 | D:3      | Reached XP level 5. HP: 17/28 MP: 9/12
  3096 | D:4      | Reached skill level 5 in Spellcasting
  3122 | D:4      | Learned a level 4 spell: Agony
  3278 | D:4      | Noticed an ice beast
  3299 | D:4      | Killed an ice beast
  3300 | D:4      | Gained mutation: You regenerate a little health from kills.
                  | [Skeleton growth]
  3300 | D:4      | Reached XP level 6. HP: 30/32 MP: 12/14
  3329 | D:4      | Noticed Eustachio
  3501 | D:4      | Noticed Dowan
  3501 | D:4      | Noticed Duvessa
  3751 | D:5      | Entered Level 5 of the Dungeon
  3773 | D:5      | Noticed a sky beast
  3823 | D:5      | Found a staircase to the Ecumenical Temple.
  3826 | D:5      | Found Huluohot's Food Boutique.
  3837 | D:5      | Reached skill level 6 in Necromancy
  3851 | Temple   | Entered the Ecumenical Temple
  3939 | Temple   | Became a worshipper of Ashenzari the Shackled
  3940 | Temple   | Found the cursed amulet of Vision {SInv *Curse}
  4203 | D:5      | Reached XP level 7. HP: 36/36 MP: 12/16
  4601 | D:6      | Reached skill level 5 in Armour
  4679 | D:5      | Reached skill level 7 in Necromancy
  4764 | D:6      | Noticed a yak
  4780 | D:6      | Killed a yak
  4781 | D:6      | Reached skill level 1 in Fighting
  4892 | D:6      | Reached XP level 8. HP: 41/43 MP: 16/18
  4938 | D:6      | Found Zuorakai's Book Shoppe.
  5280 | D:6      | Reached skill level 1 in Short Blades
  5531 | D:6      | Reached skill level 8 in Necromancy
  5772 | D:7      | Noticed a purple ugly thing
  5784 | D:6      | Learned a level 5 spell: Dispel Undead
  5789 | D:6      | Learned a level 4 spell: Animate Dead
  6066 | D:7      | Found a runed translucent gate.
  6067 | D:7      | Noticed a kobold demonologist
  6081 | D:7      | Found a runed translucent gate.
  6081 | D:7      | Found a runed translucent gate.
  6081 | D:7      | Noticed yrara's ghost (novice DsFi)
  6093 | D:7      | Slain by a bullfrog

Skill      XL: |  1  2  3  4  5  6  7  8 |
---------------+-------------------------+-----
Armour         | 1 2 3 4 5 6 |  6.7
Spellcasting   | 4 5 6 7 |  7.1
Necromancy     | 5 6 7 8 |  8.2
Fighting       | 1 3 |  3.4
Short Blades   | 2 |  2.6
Dodging        | |  2.0
Stealth        | |  2.4

Action                   |  1- 3 |  4- 6 |  7- 9 || total
-------------------------+-------+-------+-------++-------
Melee: Dagger            |    30 |   124 |   177 ||   331
       Flail             |       |    14 |       ||    14
Throw: Javelin           |     3 |     9 |     5 ||    17
 Cast: Necrotize         |    56 |    55 |    28 ||   139
       Vampiric Draining |     1 |     1 |    18 ||    20
Invok: Curse Item        |       |       |     4 ||     4
Evoke: Wand              |       |     4 |       ||     4
  Use: Scroll            |     1 |       |    14 ||    15
 Stab: Sleeping          |     1 |       |       ||     1
       Distracted        |       |     1 |     1 ||     2
Armor: Robe              |     5 |       |       ||     5
       Ring mail         |     5 |       |       ||     5
       Chain mail        |     2 |   132 |    13 ||   147
       Plate armour      |       |       |   116 ||   116
Dodge: Dodged            |    23 |   120 |    64 ||   207
